 Dungeon Crawl Stone Soup version 0.27.1-4-g1640c2035a (webtiles) character file.

Game seed: 12503829307068440452

2614 Gabide the Ducker (level 9, -2/67 (68) HPs)
             Began as a Human Artificer on Nov 1, 2021.
             Slain by a wight (3 damage)
             ... on level 8 of the Dungeon.
             The game lasted 00:15:35 (9453 turns).

Gabide the Ducker (Human Artificer)                 Turns: 9453, Time: 00:15:35

HP:   -2/67 (68)    AC:  8    Str: 12    XL:     9   Next: 90%
MP:   9/9           EV: 15    Int: 13    God:
Gold: 247           SH:  0    Dex: 16    Spells: 8/8 levels left

rFire    . . .     SeeInvis .   n - +1 short sword (elec)
rCold    . . .     Faith    .   (no shield)
rNeg     + + .     Spirit   .   t - +1 leather armour of the Four Nights {rN++}
rPois    .         Reflect  .   i - +0 helmet
rElec    .         Harm     .   u - +0 cloak
rCorr    .         Rampage  .   r - +0 pair of gloves
Will     .....                  (no boots)
Stlth    ++........             (no amulet)
HPRegen  0.21/turn              h - ring of flight
MPRegen  0.11/turn              (no ring)

@: on berserk cooldown, flying, slowed, lightly drained, very slow
A: no striking features
a: no special abilities


You were on level 8 of the Dungeon.
You visited 1 branch of the dungeon, and saw 8 of its levels.

You collected 247 gold pieces.

Inventory:

Hand Weapons
 n - a +1 short sword of electrocution (weapon)
Armour
 i - a +0 helmet (worn)
 r - a +0 pair of gloves (worn)
 t - the +1 leather armour of the Four Nights (worn) {rN++}
   (You found it on level 6 of the Dungeon)

   rN:        It greatly protects you from negative energy.
 u - a +0 cloak (worn)
Jewellery
 h - a ring of flight (left hand)
Wands
 b - a wand of iceblast (16)
 d - a wand of charming (14)
Scrolls
 j - a scroll of noise
Potions
 a - a potion of lignification {unknown}
 c - a potion of brilliance {unknown}
 g - a potion of berserk rage
 l - 2 potions of cancellation {unknown}
 m - a potion of degeneration {unknown}
 o - a potion of mutation {unknown}
 p - a potion of haste {unknown}
 q - a potion of might {unknown}


   Skills:
 * Level 5.0 Fighting
 + Level 6.4 Short Blades
 - Level 1.5(1.8) Axes
 + Level 1.1(1.5) Maces & Flails
 + Level 4.2 Armour
 * Level 7.4 Dodging
 + Level 1.7 Stealth
 * Level 5.0 Evocations


You had 8 spell levels left.
You didn't know any spells.
Your spell library contained the following spells:

 Spells                   Type           Power      Damage    Failure   Level
 Summon Small Mammal      Summ           0%         N/A       36%         1
 Blink                    Tloc           N/A        N/A       52%         2
 Call Canine Familiar     Summ           0%         N/A       75%         3
 Summon Guardian Golem    Hex/Summ       0%         N/A       75%         3
 Manifold Assault         Tloc           0%         N/A       100%        5
 Storm Form               Tmut/Air       0%         N/A       100%        7


Dungeon Overview and Level Annotations

Branches:
Dungeon (8/15)             Temple (0/1) D:6
   Lair: D:8-11

Altars:
Qazlal
Yredelemnul

Shops:
D:6 (


Message History

You destroy the wight!
Your Dodging skill increases to level 7!
Maurice completely misses you. The wight hits you with a +0 hand axe.
* * * LOW HITPOINT WARNING * * *
Things that are here:
a +0 mace; a +0 robe You puncture Maurice!
Lightning courses through Maurice!
Maurice is almost dead.
The wight hits you from afar with a +5 spear of freezing.
* * * LOW HITPOINT WARNING * * *
The wight freezes you.
* * * LOW HITPOINT WARNING * * *
Maurice hits you with a +0 short sword.
* * * LOW HITPOINT WARNING * * *
Maurice steals your scroll of magic mapping!
You hit Maurice. Lightning courses through Maurice!
You kill Maurice!
Your life force feels restored.
Your Fighting skill increases to level 5!
Your Evocations skill increases to level 5!
You barely miss the wight. The wight barely misses you.
You hit the wight. Lightning courses through the wight!
You destroy the wight!
You hit the wight but do no damage. Lightning courses through the wight!!
You destroy the wight!
The wight hits you from afar with a +5 spear of freezing.
* * * LOW HITPOINT WARNING * * *
The wight freezes you.
* * * LOW HITPOINT WARNING * * *
You barely miss the wight.
You are no longer berserk.
You are exhausted.
You feel yourself slow down. The wight hits you with a +4 falchion.
* * * LOW HITPOINT WARNING * * *
You partially resist.
You feel drained.
Your leather armour of the Four Nights prevents you from hitting the wight.
The wight hits you from afar with a +5 spear of freezing.
* * * LOW HITPOINT WARNING * * *
The wight freezes you.
You die...

#.... #...# #...#
#...##### #.......
#...#.#####
#.........#
#z#.###.#
#@#.#...#.#
#)#..z....... ..
#)z.#.####.#. #.
###..........
###.###........#.##
.....#.#...##.#
#.........# #
...#.#.#.#
###.##.#.#.#.#


You could see 2 wights.

Vanquished Creatures
  Maurice (D:8)
  A steam dragon (D:6)
  Menkaure (D:4)
  A water moccasin (D:7)
  A sky beast (D:5)
  2 black bears
  3 necrophages
  2 centaurs
  3 phantoms
  3 scorpions
  2 water moccasin skeletons (D:4)
  8 wights
  A howler monkey (D:5)
  A bullfrog zombie (D:7)
  A jelly (D:7)
  Crazy Yiuf (D:7)
  A bullfrog skeleton (D:5)
  3 hounds
  Terence (D:2)
  An iguana (D:4)
  2 hound skeletons (D:4)
  A howler monkey zombie (D:5)
  A gnoll (D:1)
  4 adders
  14 orcs
  A bat (D:2)
  4 endoplasms
  2 giant cockroaches
  4 goblins
  5 hobgoblins
  6 jackals
  2 quokkas
  3 ball pythons
  2 frilled lizards (D:1)
  6 kobolds
  7 rats
  A spectral goblin (D:1)
103 creatures vanquished.

Vanquished Creatures (collateral kills)
  An ufetubus (D:5)
1 creature vanquished.

Grand Total: 104 creatures vanquished

Notes
Turn   | Place    | Note
-------+----------+-------------------------------------------
     0 | D:1      | Gabide the Human Artificer began the quest for the Orb.
     0 | D:1      | Reached XP level 1. HP: 15/15 MP: 1/1
   303 | D:1      | Found a faded altar of an unknown god.
   514 | D:1      | Reached XP level 2. HP: 21/21 MP: 2/2
   984 | D:1      | Reached XP level 3. HP: 15/26 MP: 3/3
  1569 | D:2      | Found a stormy altar of Qazlal.
  1816 | D:2      | Reached skill level 1 in Maces & Flails
  2060 | D:2      | Reached XP level 4. HP: 32/32 MP: 4/4
  2076 | D:2      | Noticed Terence
  2084 | D:2      | Killed Terence
  2085 | D:2      | Reached skill level 1 in Axes
  2085 | D:2      | Reached skill level 2 in Dodging
  3276 | D:3      | Reached XP level 5. HP: 28/37 MP: 5/5
  3553 | D:4      | Reached skill level 1 in Short Blades
  3757 | D:4      | Reached XP level 6. HP: 23/43 MP: 6/6
  3933 | D:4      | Noticed Menkaure
  3941 | D:4      | Killed Menkaure
  3942 | D:4      | Reached skill level 3 in Dodging
  4084 | D:4      | Reached XP level 7. HP: 10/49 MP: 7/7
  4681 | D:4      | Found a basalt altar of Yredelemnul.
  4942 | D:5      | Entered Level 5 of the Dungeon
  5403 | D:5      | Reached skill level 4 in Dodging
  5694 | D:5      | Reached XP level 8. HP: 36/56 MP: 8/8
  5849 | D:5      | Reached skill level 5 in Dodging
  6174 | D:5      | Reached skill level 5 in Short Blades
  6629 | D:6      | Found Deq Luest's Antique Weapon Shoppe.
  6886 | D:6      | Reached skill level 6 in Dodging
  7170 | D:6      | Reached XP level 9. HP: 53/64 MP: 9/9
  7487 | D:6      | Found a staircase to the Ecumenical Temple.
  7500 | D:6      | Identified the +1 leather armour of the Four Nights {rN++}
  9321 | D:7      | Found a runed translucent door.
  9322 | D:7      | Noticed Crazy Yiuf
  9330 | D:7      | Killed Crazy Yiuf
  9412 | D:8      | Noticed Maurice
  9445 | D:8      | Reached skill level 7 in Dodging
  9447 | D:8      | Killed Maurice
  9448 | D:8      | Reached skill level 5 in Fighting
  9448 | D:8      | Reached skill level 5 in Evocations
  9453 | D:8      | HP: 1/67 [wight (6)]
  9453 | D:8      | Slain by a wight

Illustrated notes

Levels and vault maps discovered:
D:1:      lemuel_arrival_broad_hall, layout_loops_cross,
          dreamdust_ecumenical_altar_drowned_temple, nrook_campfire,
          minmay_tetromino_o4
D:2:      layout_loops_corners, basic_altar, minivault_25, dk_vineyard_1,
          chequers_decorated_corner, uniq_terence
D:3:      layout_basic
D:4:      layout_rooms, marbit_many_paths, uniq_menkaure
D:5:      layout_rooms
D:6:      layout_loops_ring, minmay_temple_entry_from_below_b, serial_shops,
          nicolae_stop_n_shop_2, hangedman_decor_clover_reticule
D:7:      layout_loops_cross, uniq_crazy_yiuf_cottage
D:8:      layout_basic, lightli_orcish_oven, uniq_maurice, uniq_joseph,
          uniq_psyche

Skill      XL: |  1  2  3  4  5  6  7  8  9 |
---------------+----------------------------+-----
Maces & Flails | 1 |  1.1
Axes           | 1 |  1.5
Dodging        | 2 3 4 6 7 |  7.4
Short Blades   | 2 3 4 5 6 |  6.4
Armour         | 3 4 |  4.2
Fighting       | 2 3 5 |  5.0
Evocations     | 4 5 |  5.0
Stealth        | |  1.7

Action                   |  1- 3 |  4- 6 |  7- 9 || total
-------------------------+-------+-------+-------++-------
Melee: Club              |    33 |       |       ||    33
       Hand axe          |    52 |     9 |       ||    61
       Short sword       |       |    82 |   267 ||   349
Evoke: Wand              |     3 |     9 |     5 ||    17
       Piece from Xom's  |       |       |    14 ||    14
  Use: Scroll            |     6 |       |     6 ||    12
       Potion            |       |     1 |     6 ||     7
 Stab: Sleeping          |     1 |     2 |     1 ||     4
       Distracted        |       |       |     1 ||     1
Armor: Leather armour    |    29 |    33 |    60 ||   122
Dodge: Dodged            |    56 |    80 |   163 ||   299
